 Dungeon Crawl Stone Soup version 0.27-a0-1248-g57ac2eb73c (webtiles) character file.

Game seed: 10028740865936666880

39730 Johnny the Thaumaturge (level 13, -1/88 HPs)
             Began as a Deep Elf Earth Elementalist on June 10, 2021.
             Was a Priest of Dithmenos.
             Shot with an arrow by a centaur warrior (14 damage)
             ... on level 14 of the Dungeon.
             The game lasted 00:18:50 (15905 turns).

Johnny the Thaumaturge (DEEE)                      Turns: 15905, Time: 00:18:51

Health: -1/88      AC:  9    Str:  5      XL:     13   Next: 70%
Magic:  33/33      EV: 11    Int: 30 (32) God:    Dithmenos [***...]
Gold:   393        SH:  6    Dex: 14 (15) Spells: 27/40 levels left

rFire    . . .     SeeInvis .   T - staff of earth
rCold    . . .     Faith    .   O - +0 buckler
rNeg     . . .     Spirit   .   e - +0 troll leather armour
rPois    .         Reflect  .   u - +0 helmet
rElec    .         Harm     +   J - scarf {harm}
rCorr    .         Rampage  .   j - +0 pair of gloves
Will     ++...                  g - +2 pair of boots
Stlth    ++........             w - amulet of magic regeneration
HPRegen  1.24/turn              v - ring of willpower
MPRegen  0.48/turn              d - +6 ring of intelligence

@: wreathed by umbra
A: no striking features
a: Renounce Religion, Shadow Step


You were on level 14 of the Dungeon.
You worshipped Dithmenos.
Dithmenos was most pleased with you.
You visited 2 branches of the dungeon, and saw 16 of its levels.

You collected 519 gold pieces.
You spent 126 gold pieces at shops.

Inventory:

Missiles
 b - 100 stones
 F - 5 boomerangs of dispersal
 L - 3 throwing nets
 P - a curare-tipped dart
Armour
 e - a +0 troll leather armour (worn)
 g - a +2 pair of boots (worn)
 j - a +0 pair of gloves (worn)
 u - a +0 helmet (worn)
 G - a +1 robe of willpower
 J - a scarf of harm (worn)
 O - a +0 buckler (worn)
Magical Staves
 T - a staff of earth (weapon)
Jewellery
 d - a +6 ring of intelligence (right hand)
 q - a ring of willpower
 v - a ring of willpower (left hand)
 w - an amulet of magic regeneration (around neck)
 y - a ring of fire
 V - a ring of protection from fire
Wands
 K - a wand of polymorph (25)
 M - a wand of paralysis (4)
 N - a wand of mindburst (15)
 Y - a wand of flame (61)
Scrolls
 a - a scroll of noise
 h - 3 scrolls of amnesia
 i - 2 scrolls of blinking {unknown}
 l - a scroll of immolation
 m - 4 scrolls of magic mapping
 o - 4 scrolls of enchant weapon {unknown}
 p - 4 scrolls of teleportation
 s - 3 scrolls of enchant armour {unknown}
 x - 4 scrolls of fear {unknown}
 z - 2 scrolls of silence
 C - 2 scrolls of holy word
 D - 2 scrolls of vulnerability
 E - 2 scrolls of acquirement {unknown}
 S - a scroll of fog
Potions
 f - 2 potions of degeneration
 k - 4 potions of curing
 n - 2 potions of resistance {unknown}
 r - 2 potions of magic {unknown}
 t - 2 potions of berserk rage
 A - 2 potions of might
 B - 2 potions of experience {unknown}
 H - a potion of lignification {unknown}
 I - 5 potions of heal wounds {unknown}
 Q - a potion of haste
 R - a potion of flight {unknown}
 U - a potion of attraction {unknown}
 X - a potion of mutation {unknown}
Miscellaneous
 c - a piece from Xom's chessboard (15/15)
 W - a piece from Xom's chessboard (15/15)


   Skills:
 * Level 13.2 Fighting
 - Level 2.4 Dodging
 - Level 2.4 Stealth
 + Level 6.6 Shields
 + Level 14.4 Spellcasting
 - Level 1.1 Transmutations
 + Level 12.6 Earth Magic


You had 27 spell levels left.
You knew the following spells:

 Your Spells              Type           Power      Damage    Failure   Level
a - Sandblast             Erth           100%       2d20      1%          1
b - Stone Arrow           Conj/Erth      100%       3d13      1%          3
c - Lee's Rapid Deconstr  Erth           49%        3d24*     1%          5
d - Petrify               Tmut/Erth      76%        N/A       2%          4

Your spell library contained the following spells:

 Spells                   Type           Power      Damage    Failure   Level
 Passwall                 Tmut/Erth      63%        N/A       1%          2
 Leda's Liquefaction      Hex/Erth       36%        N/A       2%          4
 Apportation              Tloc           42%        N/A       3%          1
 Corona                   Hex            23%        N/A       3%          1
 Foxfire                  Conj/Fire      84%        2x1d8     3%          1
 Ensorcelled Hibernation  Hex/Ice        42%        N/A       5%          2
 Slow                     Hex            21%        N/A       5%          2
 Confusing Touch          Hex            21%        N/A       11%         3
 Conjure Flame            Conj/Fire      21%        6-21      11%         3
 Dazzling Flash           Conj/Hex       42%        N/A       11%         3
 Inner Flame              Hex/Fire       21%        N/A       11%         3
 Lesser Beckoning         Tloc           10%        N/A       11%         3
 Portal Projectile        Hex/Tloc       42%        N/A       11%         3
 Tukima's Dance           Hex            21%        N/A       11%         3
 Cause Fear               Hex            10%        N/A       36%         4
 Sticky Flame             Conj/Fire      21%        2d4       36%         4
 Alistair's Intoxication  Tmut/Pois      16%        N/A       63%         5
 Fireball                 Conj/Fire      10%        3d6       71%         5
 Invisibility             Hex            10%        N/A       99%         6


Dungeon Overview and Level Annotations

Branches:
Dungeon (15/15)            Temple (1/1) D:5            Lair (0/6) D:11
    Orc (0/2) D:10         Depths (0/5) D:15
 Vaults: D:13-14

Altars:
Ashenzari
Cheibriados
Dithmenos
Elyvilon
Fedhas
Gozag
Hepliaklqana
Kikubaaqudgha
Makhleb
Nemelex Xobeh
Okawaru
Qazlal
Ru
Sif Muna
Trog
Uskayaw
Vehumet
Wu Jian
Xom
Yredelemnul
Zin
The Shining One

Shops:
D:3 =   D:8 [   D:10 *   D:11 (

Portals:
Trove: D:15 (give 8 scrolls of blinking)


Message History

You can't see any susceptible monsters within range! (Use Z to cast anyway.) Unknown command.
You see here 4 large rocks.
Things that are here:
a +0 dagger; a +0 robe
There is an open door here.
You enter the shallow water.
Moving in this stuff is going to be slow.
There is an open door here.
There is an open door here.
You enter the shallow water.
Moving in this stuff is going to be slow.
Done exploring.
Done exploring.
Done exploring.
Done exploring.
Search for what [Enter for "dit", or ? for help]? rob
Okay, then.
Okay, then.
Okay, then.
(D) Dungeon (T) Temple (L) Lair (O) Orcish Mines (U) Depths
Where to? (Enter - D:13 @ (x,y), ? - help)
What level of the Orcish Mines? (default 1, ? - help)
There is an open door here.
You see here a +0 helmet.
There is an open door here.
There is a stone staircase leading up, spattered with blood here.
You climb upwards. 2 ugly things and a wraith come into view.
A centaur warrior comes into view.
The centaur warrior shoots an arrow.
The arrow hits you!
The centaur warrior wields a +0 longbow.
The centaur warrior shoots an arrow.
The arrow hits you!!
The centaur warrior shoots an arrow.
The arrow hits you!
The centaur warrior shoots an arrow.
The arrow hits you!
* * * LOW HITPOINT WARNING * * *
There is a stone staircase leading down, spattered with blood here.
The centaur warrior shoots an arrow.
The arrow hits you!
You die...

##......#....
#....<.......
#............
#####........
##........#
#......#..#
####.W....# .#
###..#......# .
#......@....##.
###........u...
#....##......
####.# #.....
### .c... .uc.
.c. #..


You could see 2 ugly things, 3 centaur warriors and a wraith.

Vanquished Creatures
  A great orb of eyes (D:15)
  Harold (D:8)
  4 hydras
  2 boulder beetles
  3 centaur warriors
  A death knight (D:13)
  3 two-headed ogres
  6 death yaks (D:11)
  4 skeletal warriors (D:13)
  A wizard (D:15)
  An obsidian statue (D:9)
  A necromancer (D:15)
  2 phantasmal warriors (D:13)
  A deep elf pyromancer (D:12)
  An orc sorcerer (D:15)
  5 ugly things
  8 cyclopes
  2 manticores (D:15)
  Maurice (D:13)
  A salamander (shapeshifter) (D:15)
  2 naga magi (D:15)
  3 unseen horrors
  A kobold demonologist (D:9)
  A freezing wraith (D:13)
  3 trolls
  A raiju (shapeshifter) (D:13)
  A shadow (D:11)
  A tarantella (shapeshifter) (D:15)
  A centaur simulacrum (D:15)
  Sigmund (D:4)
  A spriggan (shapeshifter) (D:13)
  15 yaks
  3 water elementals (D:15)
  3 wraiths
  3 vampires
  2 wyverns
  A basilisk (D:15)
  7 vampire mosquitoes
  5 water moccasins
  An acid dragon (D:8)
  An ice beast (D:6)
  2 orc warriors
  3 ogres
  2 sky beasts
  A necrophage (D:8)
  2 hornet zombies
  15 centaurs
  3 phantoms
  3 kobold brigands
  Blork the orc (D:4)
  5 bullfrogs
  A scorpion (D:4)
  2 wyvern skeletons (D:5)
  4 wights (D:9)
  2 electric eels (D:15)
  2 howler monkeys
  3 jellies
  4 centaur zombies
  A hound (D:6)
  A bullfrog zombie (D:5)
  4 orc priests
  3 centaur skeletons
  Jessica (D:2)
  2 bullfrog skeletons (D:6)
  4 iguanas
  Ijyb (D:3)
  9 orc wizards
  A killer bee zombie (D:5)
  2 hound zombies (D:5)
  A howler monkey zombie (D:9)
  Robin (D:4)
  4 gnolls (D:7)
  6 adders
  A howler monkey skeleton (D:5)
  3 white imps
  An ufetubus (D:6)
  4 worms
  3 dart slugs
  26 orcs
  5 bats
  6 endoplasms
  5 giant cockroaches
  15 goblins
  8 hobgoblins
  5 jackals
  19 kobolds
  A quokka (D:4)
  3 ball pythons
  3 frilled lizards
  3 rats
313 creatures vanquished.

Notes
Turn   | Place    | Note
-------+----------+-------------------------------------------
     0 | D:1      | Johnny the Deep Elf Earth Elementalist began the quest for
                  | the Orb.
     0 | D:1      | Reached XP level 1. HP: 10/10 MP: 6/6
   390 | D:1      | Reached XP level 2. HP: 16/16 MP: 6/8
   439 | D:1      | Reached skill level 1 in Fighting
  1349 | D:2      | Reached XP level 3. HP: 18/20 MP: 8/10
  1901 | D:2      | Found a faded altar of an unknown god.
  2166 | D:2      | Noticed Jessica
  2174 | D:2      | Killed Jessica
  2175 | D:2      | Reached XP level 4. HP: 21/26 MP: 8/11
  2466 | D:3      | Reached skill level 4 in Spellcasting
  2530 | D:3      | Found a shimmering altar of Xom.
  2702 | D:3      | Found Reirph's Jewellery Shop.
  2805 | D:3      | Found an iron altar of Okawaru.
  2809 | D:3      | Found a blossoming altar of Fedhas.
  2811 | D:3      | Noticed Ijyb
  2817 | D:3      | Reached XP level 5. HP: 26/31 MP: 11/13
  2837 | D:3      | Killed Ijyb
  3249 | D:4      | Noticed Sigmund
  3254 | D:4      | Killed Sigmund
  3255 | D:4      | Reached skill level 5 in Spellcasting
  3255 | D:4      | Reached XP level 6. HP: 27/37 MP: 9/15
  3357 | D:4      | Noticed Blork the orc
  3365 | D:4      | Killed Blork the orc
  3439 | D:4      | Reached skill level 5 in Earth Magic
  3706 | D:4      | Noticed Robin
  3709 | D:4      | Killed Robin
  3832 | D:4      | Reached XP level 7. HP: 43/43 MP: 15/17
  4247 | D:4      | Reached skill level 6 in Spellcasting
  4474 | D:5      | Entered Level 5 of the Dungeon
  4479 | D:5      | Learned a level 3 spell: Stone Arrow
  4634 | D:5      | Found a hazy altar of Hepliaklqana.
  4722 | D:5      | Found a broken altar of Ashenzari.
  4758 | D:5      | Found a staircase to the Ecumenical Temple.
  4919 | D:5      | Reached skill level 5 in Fighting
  4992 | D:5      | Reached XP level 8. HP: 27/50 MP: 13/20
  5384 | D:5      | Reached skill level 7 in Spellcasting
  6238 | D:6      | Reached skill level 8 in Spellcasting
  6263 | D:6      | Reached XP level 9. HP: 42/56 MP: 14/23
  6665 | D:6      | You fall into a shaft and drop 1 floor!
  7161 | D:7      | HP: 1/57 [white imp/puff of frost (11)]
  7657 | D:7      | Found the +6 shillelagh "Devastator" {shatter}
  7690 | D:7      | Found a sparkling altar of Nemelex Xobeh.
  7694 | D:7      | Reached skill level 9 in Spellcasting
  7934 | Temple   | Entered the Ecumenical Temple
  8315 | D:7      | Learned a level 5 spell: Lee's Rapid Deconstruction
  8320 | D:7      | Learned a level 4 spell: Petrify
  8867 | D:8      | Found Syuthrug's Armour Shop.
  8874 | D:8      | Bought a scarf of harm for 126 gold pieces
  8994 | D:8      | Noticed Harold
  9001 | D:8      | Killed Harold
  9002 | D:8      | Reached XP level 10. HP: 65/65 MP: 16/25
  9168 | D:8      | Reached skill level 10 in Spellcasting
  9910 | D:9      | Noticed an obsidian statue
  9912 | D:9      | Killed an obsidian statue
 10428 | D:9      | Reached skill level 11 in Spellcasting
 10464 | D:10     | Entered Level 10 of the Dungeon
 10529 | D:10     | Reached skill level 1 in Shields
 10534 | D:10     | Reached skill level 10 in Fighting
 10540 | D:10     | Reached XP level 11. HP: 58/72 MP: 19/28
 10591 | D:10     | Found a shadowy altar of Dithmenos.
 10604 | D:10     | Became a worshipper of Dithmenos the Shadowed
 10628 | D:10     | Found a bloodstained altar of Trog.
 10629 | D:10     | Found a staircase to the Orcish Mines.
 10898 | D:10     | Found a white marble altar of Elyvilon.
 10942 | D:10     | Found a glowing silver altar of Zin.
 10977 | D:10     | Reached skill level 10 in Earth Magic
 11025 | D:10     | Found a stormy altar of Qazlal.
 11078 | D:10     | Found Gozag's Platinum Reserve.
 11287 | D:10     | Found an opulent altar of Gozag.
 11499 | D:11     | Reached * piety under Dithmenos
 11549 | D:11     | Noticed a two-headed ogre
 11552 | D:11     | Noticed a death yak
 11553 | D:11     | Noticed a death yak
 11559 | D:11     | Killed a two-headed ogre
 11645 | D:12     | Noticed a deep elf pyromancer
 11789 | D:11     | Noticed a death yak
 11790 | D:11     | Noticed a death yak
 11857 | D:11     | Killed a death yak
 11886 | D:11     | Killed a death yak
 11887 | D:11     | Reached skill level 12 in Spellcasting
 11954 | D:11     | Noticed a death yak
 11995 | D:11     | Noticed a boulder beetle
 12005 | D:11     | Killed a boulder beetle
 12069 | D:11     | Noticed a six-headed hydra
 12075 | D:11     | Killed a six-headed hydra
 12121 | D:11     | Found Dech's Weapon Shoppe.
 12174 | D:11     | Found a staircase to the Lair.
 12178 | D:11     | Noticed a death yak
 12194 | D:11     | Killed a death yak
 12195 | D:11     | Killed a death yak
 12197 | D:11     | Killed a death yak
 12198 | D:11     | Reached XP level 12. HP: 80/80 MP: 2/30
 12208 | D:11     | Killed a death yak
 12519 | D:12     | Noticed a two-headed ogre
 12526 | D:12     | Killed a two-headed ogre
 12576 | D:12     | Noticed a boulder beetle
 12666 | D:12     | Killed a boulder beetle
 12890 | D:12     | Noticed a two-headed ogre
 12903 | D:12     | Killed a two-headed ogre
 12904 | D:12     | Reached skill level 13 in Spellcasting
 13109 | D:12     | Reached ** piety under Dithmenos
 13347 | D:13     | Noticed Maurice
 13350 | D:13     | Killed Maurice
 13353 | D:13     | Reached skill level 5 in Shields
 13507 | D:13     | Noticed a centaur warrior
 13513 | D:13     | Killed a centaur warrior
 13745 | D:13     | Noticed a death knight
 13758 | D:13     | Killed a death knight
 13898 | D:13     | Reached XP level 13. HP: 87/87 MP: 23/32
 14240 | D:15     | Entered Level 15 of the Dungeon
 14391 | D:15     | Reached skill level 14 in Spellcasting
 14681 | D:15     | Found a portal to a secret trove of treasure.
 15344 | D:15     | Reached *** piety under Dithmenos
 15535 | D:15     | Found a staircase to the Depths.
 15905 | D:14     | Shot with an arrow by a centaur warrior

Illustrated notes

Levels and vault maps discovered:
D:1:      amcnicky_arrival_blooded_trapdoor, layout_basic
D:2:      layout_loops_ring, ebering_ecumenical_altar_sacrificial, uniq_jessica
D:3:      layout_basic, xom_butterflies, grunt_temple_overflow_open,
          serial_shops, shop, uniq_ijyb
D:4:      layout_basic, uniq_blork_the_orc, uniq_robin, uniq_sigmund
D:5:      layout_loops_corners, chequers_temple_overflow_statue_of_worship,
          minmay_temple_entry_large_hall, dk_rats_in_the_wall
D:6:      layout_cave_pools, serial_column_ruins, column_ruins_grid_1,
          column_ruins_grid_1, column_ruins_columns_straight, feat_on_display
D:7:      layout_basic, lemuel_coloured_pillars_altar
D:8:      layout_loops_corners, serial_shops, shop, minmay_quadrilaterals,
          uniq_harold
D:9:      layout_basic, minmay_misc_feat_room, grunt_ministairs_4, minivault_16,
          chequers_serial_rivers_room_b, serial_park_tiny_1
D:10:     layout_long_grid, marbit_many_paths, nicolae_qazlal_style_of_elements,
          elyvilon_altar_5, nicolae_gozag_zags_fifth_avenue, bloody_trog,
          kennysheep_mini_moat
D:11:     layout_roguey, dpeg_lair_monsters, serial_shops, shop
D:12:     layout_long_grid, st_stairs_1
D:13:     layout_roguey, uniq_maurice
D:14:     minmay_four_partial_circles, layout_cave_pools, david_vaults_4,
          serial_glass, glass_columns_b, glass_columns_a, nicolae_wwwww
D:15:     grunt_enter_depths_magical_seal, layout_basic,
          nicolae_trove_entry_isolated, serial_corexii_hall,
          corexii_hall_statues_i, chequers_hall_statues_wall_a,
          chequers_hall_statues_wall_a, corexii_hall_statues_i,
          corexii_hall_statues_l, chequers_hall_statues_wall_a
Temple:   eino_wide_crystal_templ

Skill      XL: |  1  2  3  4  5  6  7  8  9 10 11 12 13 |
---------------+----------------------------------------+-----
Fighting       | 1 2 3 4 5 6 8 10 11 12 13 | 13.2
Earth Magic    | 4 5 6 7 8 9 10 11 12 | 12.6
Spellcasting   | 4 5 6 8 9 11 12 13 14 | 14.4
Shields        | 1 3 5 6 |  6.6
Dodging        | |  2.4
Stealth        | |  2.4
Transmutations | |  1.1

Action                   |  1- 3 |  4- 6 |  7- 9 | 10-12 | 13-15 || total
-------------------------+-------+-------+-------+-------+-------++-------
Melee: Unarmed           |     1 |       |       |       |       ||     1
       Dagger            |    47 |    86 |   125 |    22 |       ||   280
       Staff             |       |       |       |    14 |     2 ||    16
 Cast: Sandblast         |    40 |    53 |    44 |    75 |     9 ||   221
       Stone Arrow       |       |       |    96 |   124 |    24 ||   244
       Lee's Rapid Decon |       |       |       |    49 |    33 ||    82
       Petrify           |       |       |       |     9 |     2 ||    11
Evoke: Wand              |       |       |     7 |    16 |       ||    23
  Use: Scroll            |       |       |       |     9 |       ||     9
       Potion            |       |       |       |       |     4 ||     4
 Stab: Sleeping          |     4 |     3 |     3 |     2 |       ||    12
Armor: Robe              |    12 |    31 |   100 |     4 |       ||   147
       Troll leather arm |       |       |       |    65 |     9 ||    74
Dodge: Dodged            |    41 |    53 |   125 |    89 |    13 ||   321
Block: Buckler           |       |       |       |    21 |    10 ||    31

Table legend: (Time is in decaauts)
 A = Elapsed time spent in this place.
 B = Non-inter-level travel time spent in this place.
 C = Inter-level travel time spent in this place.
 D = Time resting spent in this place.
 E = Time spent auto-exploring this place.
 F = Levels seen in this place.
 G = Mean time per level.
                   A        B        C        D        E       F      G
               +--------+--------+--------+--------+--------+-----+--------+
         Total |  15935 |  15459 |    476 |   2245 |  11072 |  16 |  995.9 |
       Dungeon |  15861 |  15408 |    453 |   2245 |  11022 |  15 | 1057.4 |
        Temple |     73 |     51 |     22 |      0 |     50 |   1 |   73.0 |
               +--------+--------+--------+--------+--------+-----+--------+

Top non-repeatable levels by time:
    D:15: 1679 daAuts
     D:5: 1518 daAuts
     D:1: 1321 daAuts
     D:4: 1294 daAuts
     D:8: 1264 daAuts
     D:6: 1155 daAuts
     D:7: 1135 daAuts
    D:11: 1133 daAuts
     D:2: 1036 daAuts
    D:13: 946 daAuts
    D:10: 863 daAuts
     D:9: 848 daAuts
     D:3: 819 daAuts
    D:12: 819 daAuts
  Temple: 73 daAuts
